[Event "fics rated crazyhouse match"]
[Site "fics, Oklahoma City, OK USA"]
[Date "2000.03.03"]
[White "venomous"]
[WhiteElo "2440"]
[Black "Firefly"]
[BlackElo "2536"]
[TimeControl "60+0"]
[Result "0-1"]

1. e4 e6 2. d4 Nc6 3. Be3 d5 4. e5 Nge7 5. Nh3 Nf5 6. Be2 
Be7 7. O-O f6 8. Nc3 O-O 9. exf6 Bxf6 10. P@e5 Be7 11. Bg4 Nh4 
12. Qe2 Qe8 13. f3 P@f5 14. Bh5 Qxh5 15. Nf4 Qe8 16. Bf2 Ng6 17. Nxg6 
hxg6 18. N@f4 B@h6 19. Nfxd5 exd5 20. Nxd5 Qd8 21. Nxe7+ Qxe7 22. B@a3 N@b4 
23. Bxb4 Nxb4 24. a3 Nd5 25. c4 N@f4 26. Qc2 B@d3 27. cxd5 Bxc2 28. P@f6 
gxf6 29. exf6 P@h3 30. N@e3 N@e2+ 31. Kh1 Rxf6 32. P@e6 hxg2+ 33. Nxg2 P@h3 
34. P@f7+ Rxf7 35. exf7+ Qxf7 36. R@d8+ Q@e8 37. Rxe8+ Qxe8 38. P@f7+ Qxf7 39. Rg1 
hxg2+ 40. Rxg2 P@h3 41. P@h7+ Kxh7 42. Rag1 hxg2+ 43. Rxg2 P@h3 44. Rxg6 R@f1+ 
45. N@g1 P@g2+ 46. Rxg2 hxg2# 
{venomous checkmated} 0-1

[Event "fics rated crazyhouse match"]
[Site "fics, Oklahoma City, OK USA"]
[Date "2000.03.03"]
[White "Firefly"]
[WhiteElo "2542"]
[Black "venomous"]
[BlackElo "2434"]
[TimeControl "60+0"]
[Result "0-1"]

1. e4 e6 2. Nc3 Nc6 3. d4 Bb4 4. a3 Bxc3+ 5. bxc3 Nf6 6. e5 
Nd5 7. B@d2 d6 8. Bd3 dxe5 9. dxe5 Nxe5 10. Nf3 Nxd3+ 11. cxd3 B@g4 
12. P@h6 Bxf3 13. gxf3 N@g2+ 14. Kf1 Nh4 15. B@h3 P@g2+ 16. Bxg2 Nxg2 17. N@h5 
Nh4 18. Nxg7+ Kd7 19. P@g2 B@h3 20. Rg1 Nxg2 21. Ke2 N@f4+ 22. Bxf4 Ngxf4+ 
23. Bxf4 Nxf4+ 24. Kd2 B@d6 25. N@e4 B@f6 26. N@c5+ Ke7 27. Nxf6 Bxc5 28. Ne4 
Qxd3+ 29. Kc1 Qxd1+ 30. Kxd1 Q@d3+ 31. Kc1 N@e2+ 32. Kb2 Qb5+ 33. B@b4 P@f6 
34. P@c4 Qb6 35. Nxc5 P@d6 36. Nf5+ exf5 37. B@g5 N@d3+ 38. Nxd3 Nxd3+ 39. Kc2 
N@e1+ 40. Rgxe1 P@b3+ 41. Kxd3 Qxf2 
{Firefly forfeits on time} 0-1

[Event "fics rated crazyhouse match"]
[Site "fics, Oklahoma City, OK USA"]
[Date "2000.03.03"]
[White "venomous"]
[WhiteElo "2444"]
[Black "Firefly"]
[BlackElo "2532"]
[TimeControl "60+0"]
[Result "0-1"]

1. e4 e6 2. d4 Nc6 3. Be3 d5 4. e5 Nge7 5. Nh3 Nf5 6. Bb5 
Bd7 7. Nc3 a6 8. Bxc6 Bxc6 9. O-O B@e4 10. f3 Nxe3 11. fxe4 Nxd1 
12. exd5 Nxc3 13. dxc6 Ne2+ 14. Kh1 bxc6 15. B@f2 B@f5 16. N@g5 N@e4 17. B@h5 
Nxg5 18. Nxg5 Qxg5 19. Bxe2 Qxg2+ 20. Kxg2 N@f4+ 21. Kf3 Q@e4+ 22. Kg3 Nxe2# 
{venomous checkmated} 0-1

[Event "fics rated crazyhouse match"]
[Site "fics, Oklahoma City, OK USA"]
[Date "2000.03.03"]
[White "Firefly"]
[WhiteElo "2538"]
[Black "venomous"]
[BlackElo "2438"]
[TimeControl "60+0"]
[Result "1-0"]

1. e4 e6 2. Nc3 Nc6 3. d4 Nf6 4. e5 Nd5 5. Nxd5 exd5 6. Nf3 
d6 7. Bb5 Bg4 8. Qe2 dxe5 9. dxe5 P@e4 10. P@a6 Bxf3 11. gxf3 N@d4 
12. axb7 Nxe2 13. Bxc6+ N@d7 14. Bxd7+ Qxd7 15. bxa8=Q+ B@d8 16. B@c6 Bb4+ 17. P@c3 
Nxc3 18. Bxd7+ Ke7 19. N@f5+ Kxd7 20. Q@c6# 
{venomous checkmated} 1-0

[Event "fics rated crazyhouse match"]
[Site "fics, Oklahoma City, OK USA"]
[Date "2000.03.03"]
[White "venomous"]
[WhiteElo "2432"]
[Black "Firefly"]
[BlackElo "2544"]
[TimeControl "60+0"]
[Result "1-0"]

1. e4 e6 2. d4 Nc6 3. Be3 d5 4. e5 Nge7 5. Nh3 Nf5 6. Be2 
f6 7. Bh5+ g6 8. exf6 gxh5 9. P@g7 Nxg7 10. fxg7 Bxg7 11. O-O B@g4 
12. Nf4 Bxd1 13. Rxd1 P@g6 14. Nc3 O-O 15. B@b5 P@g5 16. Nfe2 Bd7 17. Bxc6 
bxc6 18. N@e5 Bxe5 19. dxe5 B@g7 20. N@f6+ Bxf6 21. exf6 Qxf6 22. B@c5 P@d6 
23. Bcd4 e5 24. Bxa7 c5 25. Baxc5 dxc5 26. Bxc5 B@b6 27. B@e3 d4 28. Bxb6 
dxe3 29. Bxe3 B@d4 30. Ne4 Qf5 31. N2g3 Qf7 32. B@b3 N@e6 33. Bxe6 Qxe6 
34. N@h6+ Kg7 35. Nxg5 Qe7 36. P@f6+ Rxf6 37. N5e4 
{Firefly forfeits on time} 1-0

[Event "fics rated crazyhouse match"]
[Site "fics, Oklahoma City, OK USA"]
[Date "2000.03.03"]
[White "Firefly"]
[WhiteElo "2534"]
[Black "venomous"]
[BlackElo "2442"]
[TimeControl "60+0"]
[Result "0-1"]

1. e4 e6 2. Nc3 Nc6 3. d4 Bb4 4. a3 Bxc3+ 5. bxc3 Nf6 6. B@h4 
N@g6 7. Bxf6 Qxf6 8. Nf3 B@f4 9. Bxf4 Qxf4 10. Bd3 B@b2 11. B@d2 Qg4 
12. Ra2 Qxg2 13. Rg1 Qh3 14. Rxb2 P@g4 15. Ng5 Qxh2 16. Qxg4 Nce5 17. dxe5 
Nxe5 18. Qg2 Qxg2 19. Rxg2 Q@h1+ 20. B@f1 P@f3 21. N@g3 fxg2 22. Nxh1 gxh1=Q 
23. P@d6 N@f3+ 24. Nxf3 Nxf3+ 25. Kd1 R@a1+ 26. N@b1 O-O 27. N@e7+ Kh8 28. Ng6+ 
hxg6 
{Firefly resigns} 0-1

[Event "fics rated crazyhouse match"]
[Site "fics, Oklahoma City, OK USA"]
[Date "2000.03.03"]
[White "venomous"]
[WhiteElo "2452"]
[Black "Firefly"]
[BlackElo "2524"]
[TimeControl "60+0"]
[Result "1-0"]

1. e4 e6 2. d4 Nc6 3. Be3 d5 4. e5 Nge7 5. Nh3 Nf5 6. Be2 
f6 7. Bh5+ g6 8. exf6 gxh5 9. P@g7 Nxg7 10. fxg7 Bxg7 11. Nf4 P@g6 
12. O-O O-O 13. Nc3 B@f6 14. N@f3 P@g5 15. Nd3 g4 16. Nfe5 Nxe5 17. Nxe5 
Bxe5 18. dxe5 Bxe5 19. N@h6+ Kh8 20. B@d4 Bxd4 21. Bxd4+ P@g7 22. B@e5 N@e8 
23. Bxg7+ Nxg7 24. P@f6 N@e8 25. Nxd5 Nxf6 26. Nxf6 B@f7 27. Nxf7+ Rxf7 28. N@h6 
Rxf6 29. Bxf6 
{Firefly resigns} 1-0

[Event "fics rated crazyhouse match"]
[Site "fics, Oklahoma City, OK USA"]
[Date "2000.03.03"]
[White "Firefly"]
[WhiteElo "2514"]
[Black "venomous"]
[BlackElo "2462"]
[TimeControl "60+0"]
[Result "0-1"]

1. e4 e6 2. Nc3 Nc6 3. d4 Bb4 4. a3 Bxc3+ 5. bxc3 Nf6 6. Bd3 
d5 7. e5 Ne4 8. Bxe4 dxe4 9. N@h5 Rg8 10. B@g5 B@e7 11. Bxe7 Qxe7 
12. B@g5 Qd7 13. Qe2 B@g6 14. Nf4 N@d5 15. Nxd5 exd5 16. Bh6 Qg4 17. Bxg7 
Qxe2+ 18. Nxe2 N@g4 19. N@f6+ Nxf6 20. Bxf6 Bg4 21. P@d7+ Bxd7 22. N@b4 N@d8 
23. Nxc6 Nxc6 24. N@b5 Q@a5 25. a4 P@d3 26. Ng3 dxc2 27. O-O P@f3 28. gxf3 
exf3 29. h3 P@g2 30. Re1 N@d3 31. Re3 Nxc1 32. Rxc1 B@a3 33. N@g7+ Rxg7 
34. Q@h8+ Bf8 35. Bxg7 O-O-O 
{Firefly forfeits on time} 0-1

[Event "fics rated crazyhouse match"]
[Site "fics, Oklahoma City, OK USA"]
[Date "2000.03.03"]
[White "venomous"]
[WhiteElo "2471"]
[Black "Firefly"]
[BlackElo "2505"]
[TimeControl "60+0"]
[Result "1-0"]

1. e4 e6 2. d4 Nc6 3. Be3 Nf6 4. Bd3 d5 5. e5 Ne4 6. Nh3 
f5 7. exf6 Nxf6 8. O-O Bd6 9. Nc3 O-O 10. P@e5 Nxe5 11. dxe5 Bxe5 
12. f4 Bd6 13. Nb5 P@g4 14. Ng5 P@h6 15. Nxh7 Nxh7 16. Nxd6 cxd6 17. Bxh7+ 
Kxh7 18. P@h5 B@e8 19. Qxg4 N@f5 20. B@g6+ Bxg6 21. Qxg6+ Kh8 22. B@d4 Nxd4 
23. Bxd4 B@f6 24. Bxf6 Rxf6 25. Qxf6 Qxf6 26. N@g6+ Qxg6 27. R@f8+ B@g8 28. Rxg8+ 
Kxg8 29. N@e7+ Kf7 30. hxg6+ Kxe7 31. Q@f7# 
{Firefly resigns} 1-0

[Event "fics rated crazyhouse match"]
[Site "fics, Oklahoma City, OK USA"]
[Date "2000.03.03"]
[White "Firefly"]
[WhiteElo "2496"]
[Black "venomous"]
[BlackElo "2480"]
[TimeControl "60+0"]
[Result "0-1"]

1. e4 e6 2. Nc3 Nc6 3. d4 Bb4 4. a3 Bxc3+ 5. bxc3 Nf6 6. B@h4 
N@g6 7. Bxf6 Qxf6 8. Nf3 B@e7 9. N@h5 d6 10. Nxf6+ Bxf6 11. Bb5 Bd7 
12. Bxc6 bxc6 13. N@h5 B@g4 14. Nxf6+ gxf6 15. B@g7 Bxf3 16. Qxf3 N@h4 17. Qg4 
h5 18. Bxh8 hxg4 19. R@g8+ N@f8 20. Rxf8+ Nxf8 21. Bxf6 Nxg2+ 22. Kd1 P@e2+ 
23. Kd2 N@c4+ 24. Kd3 R@d1+ 25. Kxc4 Q@b5# 
{Firefly checkmated} 0-1

[Event "fics rated crazyhouse match"]
[Site "fics, Oklahoma City, OK USA"]
[Date "2000.03.03"]
[White "venomous"]
[WhiteElo "2488"]
[Black "Firefly"]
[BlackElo "2488"]
[TimeControl "60+0"]
[Result "0-1"]

1. e4 e6 2. d4 Nc6 3. Be3 d5 4. e5 Nge7 5. Nh3 Nf5 6. Be2 
Be7 7. O-O O-O 8. Nc3 f6 9. exf6 Bxf6 10. P@e5 Bh4 11. Bg4 Qe8 
12. Nf4 Bd7 13. Bxf5 Rxf5 14. N@f3 Bd8 15. Nfxd5 exd5 16. Nxd5 B@e4 17. P@g4 
Rf8 18. P@f5 Bxd5 19. Ne1 P@e6 20. f3 exf5 21. gxf5 Bxf5 22. Rc1 Bg6 
23. c4 N@f5 24. Qe2 Nxe3 25. Qxe3 B@f4 26. Qe2 P@d3 27. Nxd3 Nxd4 28. Qf2 
P@e3 29. Nxf4 exf2+ 30. Rxf2 Rxf4 31. cxd5 N@e2+ 32. Kh1 Nxc1 33. B@e3 R@e1+ 
34. B@f1 Rxe3 35. N@g4 P@e2 36. Bxe2 Rxe2 37. Rxe2 Q@f1+ 38. R@g1 Qxg1+ 39. Kxg1 
Ncxe2+ 40. Kf2 R@g1 41. Nh6+ gxh6 42. P@f7+ Qxf7 43. Q@h8+ Kxh8 44. P@g7+ Qxg7 
45. Ke3 N@d1+ 46. Kd2 Q@c2# 
{venomous checkmated} 0-1

[Event "fics rated crazyhouse match"]
[Site "fics, Oklahoma City, OK USA"]
[Date "2000.03.03"]
[White "Firefly"]
[WhiteElo "2496"]
[Black "venomous"]
[BlackElo "2480"]
[TimeControl "60+0"]
[Result "0-1"]

1. e4 e6 2. Nc3 Nc6 3. d4 Nf6 4. e5 Nd5 5. Nxd5 exd5 6. Nf3 
d6 7. Bb5 Bg4 8. Qe2 dxe5 9. Qxe5+ Qe7 10. P@a6 Qxe5+ 11. dxe5 Q@e4+ 
12. Q@e3 Qxe3+ 13. Bxe3 Bxf3 14. axb7 Rd8 15. Bxc6+ P@d7 16. gxf3 N@g2+ 17. Kd1 
Nxe3+ 18. fxe3 N@f2+ 19. Ke2 Q@b6 20. Bxd5 Nh3 21. Bxf7+ Kxf7 22. Q@f5+ B@f6 
23. Qxh3 Bxe5 24. B@b3+ d5 25. N@g5+ Ke7 26. N@f5+ Kd7 27. Nd4+ P@e6 28. P@c6+ 
Qxc6 29. Nxc6 B@b5+ 30. P@c4 Kxc6 31. Qxe6+ Rd6 32. N@a5+ Kb6 33. b8=Q+ N@b7 
{Firefly forfeits on time} 0-1

[Event "fics rated crazyhouse match"]
[Site "fics, Oklahoma City, OK USA"]
[Date "2000.03.03"]
[White "venomous"]
[WhiteElo "2488"]
[Black "Firefly"]
[BlackElo "2488"]
[TimeControl "60+0"]
[Result "1-0"]

1. e4 e6 2. d4 Nc6 3. Be3 d5 4. e5 Nge7 5. Nh3 Nf5 6. Be2 
Be7 7. O-O O-O 8. Nc3 f6 9. exf6 Bxf6 10. P@e5 Bh4 11. Bg4 Qe8 
12. Bxf5 Rxf5 13. N@g3 Rf8 14. Nf4 Bd7 15. Qe2 P@g5 16. Nfh5 B@g6 17. Rad1 
Bxg3 18. Nxg3 N@f4 19. Bxf4 gxf4 20. Nh1 f3 21. gxf3 B@h3 22. P@g2 Bxg2 
23. Kxg2 P@g4 24. fxg4 Nxd4 25. Rxd4 P@f3+ 26. Qxf3 Rxf3 27. Kxf3 Be4+ 28. Ke2 
Bxh1 29. Rxh1 Bb5+ 30. P@d3 Q@g2 31. B@f3 N@g1+ 32. Rxg1 Qxg1 33. R@f1 Qxf1+ 
34. Kxf1 R@c1+ 35. B@d1 Qf7 36. N@g5 Qxf3 37. Nxf3 Rxd1+ 38. Nxd1 B@h3+ 39. P@g2 
R@h1+ 40. N@g1 Rxg1+ 41. Kxg1 Bxg2 42. N@e7+ Kf8 43. Kxg2 Kxe7 44. R@f7+ Kxf7 
45. R@f6+ gxf6 46. B@h5+ N@g6 47. Bxg6# 
{Firefly forfeits on time} 1-0

[Event "fics rated crazyhouse match"]
[Site "fics, Oklahoma City, OK USA"]
[Date "2000.03.03"]
[White "Firefly"]
[WhiteElo "2480"]
[Black "venomous"]
[BlackElo "2496"]
[TimeControl "60+0"]
[Result "1-0"]

1. e4 e6 2. Nc3 Nc6 3. d4 Bb4 4. a3 Bxc3+ 5. bxc3 d5 6. e5 
N@e4 7. B@d2 Nge7 8. Bd3 Nf5 9. Bxe4 dxe4 10. Nh3 B@a6 11. Ng5 Ncxd4 
12. cxd4 P@e2 13. Qxe2 Bxe2 14. N@c3 Nxd4 15. Nxe2 Nxe2 16. B@b5+ Bd7 17. Bxe2 
P@d3 18. Bh5 Q@f5 19. N@e3 Qxe5 20. Nxf7 Qxa1 21. Nxd8+ Kxd8 22. P@e7+ Kxe7 
23. N@d5+ exd5 24. Nxd5+ Kd8 25. P@e7+ Kc8 26. Q@d8+ Rxd8 27. exd8=Q+ Kxd8 28. P@e7+ 
Kc8 29. R@d8# 
{venomous checkmated} 1-0

[Event "fics rated crazyhouse match"]
[Site "fics, Oklahoma City, OK USA"]
[Date "2000.03.03"]
[White "venomous"]
[WhiteElo "2488"]
[Black "Firefly"]
[BlackElo "2488"]
[TimeControl "60+0"]
[Result "0-1"]

1. e4 e5 2. Bc4 Nc6 3. Nf3 Bc5 4. d3 Nf6 5. O-O O-O 6. Bg5 
h6 7. Bxf6 Qxf6 8. N@d5 Qd8 9. Nbc3 d6 10. h3 B@h5 11. Ne3 Nd4 
12. Nxd4 Bxd1 13. Ndf5 Bxe3 14. fxe3 Bxf5 15. exf5 N@g3 16. Raxd1 Q@h1+ 17. Kf2 
Nxf1 18. Rxf1 Qxf1+ 19. Kxf1 N@g3+ 20. Kf2 Qh4 21. N@e7+ Kh7 22. B@e2 Nh1+ 
23. Kf1 Qf2# 
{venomous checkmated} 0-1

[Event "fics rated crazyhouse match"]
[Site "fics, Oklahoma City, OK USA"]
[Date "2000.03.03"]
[White "Firefly"]
[WhiteElo "2496"]
[Black "venomous"]
[BlackElo "2480"]
[TimeControl "60+0"]
[Result "0-1"]

1. e4 e6 2. Nc3 Nc6 3. a3 Nf6 4. d4 d5 5. exd5 Nxd5 6. Nf3 
Be7 7. Bd3 Nxc3 8. bxc3 N@f5 9. Bxf5 exf5 10. N@h5 Rg8 11. O-O B@g4 
12. Nf4 P@e4 13. Re1 Be6 14. P@h3 Bxf3 15. gxf3 N@d5 16. Nxe6 fxe6 17. B@g2 
Nxc3 18. Qd2 exf3 19. Bxf3 N@e4 20. Qd3 P@g4 21. hxg4 Nxd4 22. B@g2 Nxf3+ 
23. Bxf3 Qxd3 24. cxd3 O-O-O 25. P@a6 B@c6 26. P@b5 Bd5 27. N@c6 bxc6 28. Q@b7+ 
Kd7 29. N@e5+ Ke8 30. gxf5 N@h3+ 31. Kg2 Nexf2 32. P@f7+ Kf8 33. fxg8=Q+ Kxg8 
34. Bxd5 Nf4+ 35. Bxf4 Q@h3+ 36. Kxf2 P@e3# 
{Firefly forfeits on time} 0-1

[Event "fics rated crazyhouse match"]
[Site "fics, Oklahoma City, OK USA"]
[Date "2000.03.03"]
[White "venomous"]
[WhiteElo "2488"]
[Black "Firefly"]
[BlackElo "2488"]
[TimeControl "60+0"]
[Result "0-1"]

1. e4 e6 2. d4 Nc6 3. Be3 d5 4. e5 Nge7 5. Nh3 Nf5 6. Be2 
Be7 7. O-O O-O 8. Nc3 f6 9. exf6 Bxf6 10. P@e5 Bh4 11. Bg4 Qe8 
12. Bxf5 Rxf5 13. Nf4 Bd7 14. f3 P@g3 15. hxg3 Bxg3 16. P@h2 Bxh2+ 17. Kxh2 
P@h4 18. B@g4 B@g3+ 19. Kh1 Bxf4 20. Bxf4 Rxf4 21. N@e2 N@g3+ 22. Nxg3 hxg3 
23. B@g5 Rf8 24. N@e2 N@f2+ 25. Rxf2 gxf2 26. N@g3 R@g6 27. Be3 B@f5 28. Bxf5 
exf5 29. Bxf2 f4 30. Nxf4 Rxf4 31. B@e3 Rh4+ 32. P@h3 P@f4 33. Bxf4 Rxf4 
34. P@e3 Rh4 35. P@f5 Rg5 36. f4 Rxg3 37. Bxg3 Rh6 38. R@h2 N@h5 39. Qf3 
B@e4 40. Nxe4 dxe4 41. Qf2 Nxg3+ 42. Qxg3 N@h5 43. Qg4 N@g3+ 44. Kg1 Bxf5 
45. Qd1 P@f2+ 46. Kxf2 Nxd4 47. exd4 B@c5 48. dxc5 e3+ 49. Kxe3 Rd8 50. P@d6 
P@d4+ 51. Qxd4 cxd6 52. Kd2 B@g1 53. Kc1 Ne4 54. B@f7+ Kh8 55. N@g6+ hxg6 
{venomous forfeits on time} 0-1

[Event "fics rated crazyhouse match"]
[Site "fics, Oklahoma City, OK USA"]
[Date "2000.03.03"]
[White "Firefly"]
[WhiteElo "2496"]
[Black "venomous"]
[BlackElo "2480"]
[TimeControl "60+0"]
[Result "1-0"]

1. e4 e6 2. Nc3 Nc6 3. d4 Bb4 4. a3 Bxc3+ 5. bxc3 d5 6. Bd3 
dxe4 7. Bxe4 P@d5 8. Bd3 N@h4 9. B@f3 Nxf3+ 10. Nxf3 B@e4 11. Bxe4 dxe4 
12. Ng5 B@d5 13. N@h5 Kf8 14. P@h6 Nxh6 15. Nxe6+ Bcxe6 16. Bxh6 Rg8 17. Nxg7 
Rxg7 18. Bxg7+ Ke8 19. N@f6+ Ke7 20. B@f8+ Qxf8 21. Bxf8+ Rxf8 22. P@g7 Rd8 
23. Nxd5+ Bxd5 24. B@f8+ Kd7 25. Q@e7+ Nxe7 26. Bxe7 B@d6 27. Bxd6 N@h4 28. N@f6+ 
Kc8 29. B@h3+ P@d7 30. R@f8 N@g5 31. Rxd8# 
{venomous resigns} 1-0

[Event "fics rated crazyhouse match"]
[Site "fics, Oklahoma City, OK USA"]
[Date "2000.03.03"]
[White "venomous"]
[WhiteElo "2472"]
[Black "Firefly"]
[BlackElo "2504"]
[TimeControl "60+0"]
[Result "0-1"]

1. e4 e6 2. d4 d5 3. e5 Nc6 4. Nh3 f6 5. exf6 Nxf6 6. P@e5 
Ne4 7. Be2 Be7 8. O-O O-O 9. Nc3 Qe8 10. Nxe4 dxe4 11. N@g5 Bxg5 
12. Nxg5 P@f3 13. Nxf3 exf3 14. Bxf3 N@h4 15. Bxc6 bxc6 16. B@e4 B@d5 17. Bxd5 
exd5 18. N@f4 Rxf4 19. Bxf4 N@h3+ 20. gxh3 N@f3+ 21. Qxf3 Nxf3+ 22. Kh1 B@g2+ 
23. Kxg2 N@h4# 
{venomous resigns} 0-1

[Event "fics rated crazyhouse match"]
[Site "fics, Oklahoma City, OK USA"]
[Date "2000.03.03"]
[White "Firefly"]
[WhiteElo "2511"]
[Black "venomous"]
[BlackElo "2465"]
[TimeControl "60+0"]
[Result "1-0"]

1. e4 e6 2. Nc3 Nc6 3. d4 Nf6 4. e5 Nd5 5. Nxd5 exd5 6. Nf3 
d6 7. Bb5 Bg4 8. Qe2 dxe5 9. Qxe5+ Qe7 10. P@a6 Qxe5+ 11. dxe5 P@d7 
12. axb7 Rd8 13. Bxc6 dxc6 14. N@d4 Q@e4+ 15. Q@e3 Qxe3+ 16. Bxe3 Bxf3 17. Nxf3 
B@a5+ 18. B@d2 Bxd2+ 19. Bxd2 N@e4 20. B@c8 Nxd2 21. P@d7+ Rxd7 22. Bxd7+ Kxd7 
23. e6+ Kxe6 24. R@e5+ Kd6 25. N@c8+ Kd7 26. Q@e8# 
{venomous checkmated} 1-0

[Event "fics rated crazyhouse match"]
[Site "fics, Oklahoma City, OK USA"]
[Date "2000.03.03"]
[White "TheRaven"]
[WhiteElo "2195"]
[Black "Oddyseus"]
[BlackElo "2238"]
[TimeControl "60+0"]
[Result "0-1"]

1. d4 e6 2. Nc3 Be7 3. e4 d5 4. Nf3 Nf6 5. e5 Ne4 6. Nxe4 
dxe4 7. Nd2 Qd5 8. Nxe4 Qxe4+ 9. P@e3 Nc6 10. N@c3 Qg6 11. Rg1 h6 
12. Bb5 N@b4 13. Bxc6+ bxc6 14. a3 Nxc2+ 15. Kf1 Nxa1 16. N@f4 Qh7 17. Qa4 
B@d7 18. d5 exd5 19. Ncxd5 cxd5 20. Qd4 N@c2 21. Qd2 R@e1+ 22. Qxe1 Nxe1 
23. R@d1 Nec2 24. Nxd5 P@e2+ 25. Kxe2 P@d3+ 26. Rxd3 Qxd3+ 27. Kxd3 N@c5+ 28. Ke2 
Q@d3+ 29. Kf3 Qe4+ 30. Kg3 Qxd5 31. f3 Qxe5+ 32. P@f4 Qxe3 33. Bxe3 N@f5+ 
34. Kf2 Ncxe3 35. Ke2 R@c2+ 36. P@d2 B@c4# 
{TheRaven forfeits on time} 0-1

[Event "fics rated crazyhouse match"]
[Site "fics, Oklahoma City, OK USA"]
[Date "2000.03.03"]
[White "Oddyseus"]
[WhiteElo "2245"]
[Black "TheRaven"]
[BlackElo "2188"]
[TimeControl "60+0"]
[Result "1-0"]

1. e4 Nf6 2. Nc3 d5 3. exd5 Nxd5 4. Nxd5 Qxd5 5. d3 e6 6. Nf3 
Nc6 7. Be2 Bc5 8. N@e3 Qd8 9. c4 P@d4 10. Ng4 N@f5 11. Nge5 Nxe5 
12. Nxe5 N@e3 13. fxe3 dxe3 14. O-O P@f2+ 15. Kh1 Bd6 16. Nf3 e5 17. P@g3 
Be6 18. N@g4 Ne7 19. Ngxe5 Bxe5 20. Nxe5 N@g6 21. Nxg6 Nxg6 22. Bxe3 N@f5 
23. Bxf2 Qd6 24. B@f3 h5 25. N@e4 Qe7 26. Bxh5 Nd6 27. P@h3 Nxe4 28. dxe4 
Rd8 29. Bxg6 fxg6 30. N@d5 Bxd5 31. cxd5 Qxe4 32. B@f3 Qe7 33. P@e6 P@f7 
34. exf7+ Qxf7 35. P@e6 Qe7 36. P@f7+ Kf8 37. Qd3 N@e5 38. N@d7+ Rxd7 39. exd7 
Nxd3 40. R@e8+ Kxf7 41. Rxe7+ Kxe7 42. Q@e6+ Kf8 43. N@f7 
{TheRaven forfeits on time} 1-0

[Event "fics rated crazyhouse match"]
[Site "fics, Oklahoma City, OK USA"]
[Date "2000.03.03"]
[White "TheRaven"]
[WhiteElo "2181"]
[Black "Oddyseus"]
[BlackElo "2252"]
[TimeControl "60+0"]
[Result "0-1"]

1. d4 e6 2. Nc3 Be7 3. Nf3 d5 4. Ne5 Nf6 5. e3 Nc6 6. Bb5 
Bd7 7. Nxc6 bxc6 8. Bd3 N@e4 9. N@e5 O-O 10. Nxd7 Qxd7 11. Nxe4 Nxe4 
12. N@e5 Qe8 13. Bxe4 dxe4 14. N@d7 B@b5 15. Nxf8 N@h4 16. Rg1 Qxf8 17. B@e2 
Bxe2 18. Qxe2 B@b5 19. B@d3 exd3 20. cxd3 B@f6 21. R@g3 N@g6 22. Nxg6 Nxg6 
23. P@e5 N@f5 24. exf6 Bxf6 25. B@e5 Bxe5 26. dxe5 Nxe5 27. B@g4 B@g6 28. Bxf5 
exf5 29. N@h4 Nxd3+ 30. Kf1 Nxb2 31. Qxb5 cxb5 32. Bxb2 B@c4+ 33. B@e2 Bxe2+ 
34. Kxe2 B@c4+ 35. B@d3 Bxd3+ 36. Kxd3 Q@c4+ 37. Kd2 N@e4+ 38. Kd1 B@c2+ 39. Kc1 
P@d2# 
{TheRaven checkmated} 0-1

[Event "fics rated crazyhouse match"]
[Site "fics, Oklahoma City, OK USA"]
[Date "2000.03.03"]
[White "Oddyseus"]
[WhiteElo "2258"]
[Black "TheRaven"]
[BlackElo "2175"]
[TimeControl "60+0"]
[Result "1-0"]

1. e4 Nf6 2. Nc3 d5 3. exd5 Nxd5 4. Nxd5 Qxd5 5. d3 e6 6. Nf3 
Nc6 7. Be2 Bc5 8. N@e3 Bxe3 9. Bxe3 P@d4 10. Bf4 Qd8 11. B@g3 N@d6 
12. P@b5 Ne7 13. c4 N@g6 14. O-O Nxf4 15. Bxf4 Nef5 16. Bxd6 cxd6 17. N@h5 
B@g6 18. Ng3 B@e5 19. N@g4 Bxg3 20. hxg3 N@f6 21. B@h4 Nxg4 22. Bxd8 Kxd8 
23. Q@g5+ N@f6 24. Nh2 B@h6 25. Qxh6 Ngxh6 26. Bg4 Nhxg4 27. Nxg4 Nxg4 28. Qxg4 
B@h5 29. Qh3 N@e2+ 30. Kh2 Q@g4 31. Qxg4 Bxg4 32. B@h3 h5 33. N@h4 Nxh4 
34. gxh4 Bxh3 35. gxh3 B@f4+ 36. B@g3 Nxg3 37. fxg3 Bxg3+ 38. Kxg3 B@e3 39. Q@f3 
P@f4+ 40. Kg2 N@e5 41. N@e2 Nxf3 42. Rxf3 Q@f2+ 43. Rxf2 Bxf2 44. B@g5+ R@f6 
45. Bxf6+ gxf6 46. Q@f3 B@g3 47. R@h1 Q@h2+ 48. Rxh2 Bxh2 49. Qxf2 Bg3 50. Qxg3 
fxg3 51. Nxg3 Q@e3 52. P@c7# 
{TheRaven forfeits on time} 1-0

[Event "fics rated crazyhouse match"]
[Site "fics, Oklahoma City, OK USA"]
[Date "2000.03.03"]
[White "TheRaven"]
[WhiteElo "2169"]
[Black "Oddyseus"]
[BlackElo "2264"]
[TimeControl "60+0"]
[Result "0-1"]

1. d4 e6 2. Nc3 Be7 3. e4 d5 4. Bd3 Nf6 5. e5 Nfd7 6. Nf3 
Nc6 7. Bd2 Nb6 8. Nb5 Bd7 9. Be2 O-O 10. Bf4 a6 11. Nc3 Nc8 
12. Bd3 Nb4 13. Rg1 Nxd3+ 14. Qxd3 B@g6 15. Qd1 Nb6 16. N@e3 Bb5 17. Ng4 
Nc4 18. b3 Nb2 19. Qb1 Ba3 20. Nxb5 axb5 21. B@c3 N@d3+ 22. cxd3 Nxd3+ 
23. Qxd3 Bxd3 24. N@f6+ Kh8 25. N@e2 P@b2 26. Bxb2 Bxb2 27. P@h6 Rg8 28. Nxg8 
Qxg8 29. hxg7+ Qxg7 30. P@h6 N@c2+ 31. Kd2 B@b4+ 32. Kxd3 Q@e4# 
{TheRaven checkmated} 0-1

[Event "fics rated crazyhouse match"]
[Site "fics, Oklahoma City, OK USA"]
[Date "2000.03.03"]
[White "Oddyseus"]
[WhiteElo "2270"]
[Black "TheRaven"]
[BlackElo "2163"]
[TimeControl "60+0"]
[Result "0-1"]

1. e4 Nf6 2. Nc3 d5 3. exd5 Nxd5 4. Nxd5 Qxd5 5. d3 e6 6. N@e3 
Nc6 7. Nxd5 exd5 8. Nf3 Be6 9. Be2 Bc5 10. Be3 d4 11. Bf4 P@e3 
12. O-O exf2+ 13. Rxf2 N@e3 14. Rf1 Nxd1 15. Raxd1 N@e3 16. P@f2 Nxd1 17. Rxd1 
P@e3 18. P@h6 exf2+ 19. Kh1 R@e1+ 20. Nxe1 fxe1=Q+ 21. Rxe1 N@f2+ 22. Kg1 P@e3 
23. N@g3 Q@d2 24. Q@f1 Rg8 25. hxg7 Rxg7 26. N@f6+ Kf8 27. P@h6 Rxg3 28. P@g7+ 
Rxg7 29. hxg7+ Kxg7 30. Nh5+ Kf8 31. R@h8+ Ke7 32. Rxa8 N@h3+ 33. gxh3 Nxh3+ 
34. Qxh3 Qxe1+ 35. R@f1 P@f2+ 36. Kh1 Qxf1+ 37. Qxf1 R@g1+ 38. Qxg1 fxg1=Q+ 39. Kxg1 
Q@f2+ 40. Kh1 R@g1# 
{Oddyseus checkmated} 0-1

[Event "fics rated crazyhouse match"]
[Site "fics, Oklahoma City, OK USA"]
[Date "2001.03.03"]
[White "Tecumseh"]
[WhiteElo "2311"]
[Black "LINDEGREN"]
[BlackElo "2425"]
[TimeControl "180+0"]
[Result "1-0"]

1. e4 Nf6 2. e5 Nd5 3. Nc3 e6 4. Nf3 d6 5. Be2 Nc6 6. Nxd5 
exd5 7. d4 Bd7 8. O-O Be7 9. N@h5 Rg8 10. Re1 dxe5 11. dxe5 Be6 
12. Bb5 a6 13. Ba4 N@c5 14. Bb3 Nxb3 15. axb3 B@g4 16. Nf4 Bxf3 17. Nxe6 
Bxd1 18. Nxd8 Rxd8 19. Rxd1 N@h3+ 20. gxh3 N@f3+ 21. Kh1 P@g2+ 22. Kxg2 Nh4+ 
23. Kf1 Q@g2+ 24. Ke2 Nxe5 25. B@h5 Qe4+ 26. N@e3 P@g6 27. P@d3 Qf4 28. Nxd5 
Qf5 29. B@e4 Qxh5+ 30. P@g4 Nxg4 31. hxg4 Qxg4+ 32. P@f3 Qd7 33. N@e5 Qxd5 
34. Bxd5 Rxd5 35. Q@c8+ N@d8 36. Q@d7+ Kf8 37. Qxd5 P@c6 38. N@e6+ fxe6 39. R@f7+ 
Ke8 40. Qdd7# 
{LINDEGREN checkmated} 1-0

[Event "fics rated crazyhouse match"]
[Site "fics, Oklahoma City, OK USA"]
[Date "2001.03.03"]
[White "LINDEGREN"]
[WhiteElo "2414"]
[Black "Tecumseh"]
[BlackElo "2322"]
[TimeControl "180+0"]
[Result "0-1"]

1. e4 Nc6 2. Nc3 Nf6 3. d4 d5 4. exd5 Nxd5 5. Nf3 e6 6. Bb5 
Bb4 7. Bd2 P@a3 8. Nxd5 Bxd2+ 9. Qxd2 axb2 10. Rd1 exd5 11. Qe3+ P@e4 
12. N@h5 Rg8 13. P@h6 B@a5+ 14. B@d2 Bxd2+ 15. Nxd2 B@h8 16. B@g5 f6 17. Nxe4 
dxe4 18. Qxe4+ N@e6 19. hxg7 Bxg7 20. Qxh7 Kf8 21. Bxc6 Nxg5 22. Qd3 B@a5+ 
23. P@d2 bxc6 24. N@g6+ Ke8 25. Nxg7+ Rxg7 26. B@h5 P@f7 27. Qe4+ Nxe4 28. O-O 
fxg6 29. Bf3 B@d5 30. Rde1 N@g5 31. Re3 Rh7 32. Bxe4 Bxe4 33. f3 N@h3+ 
34. gxh3 Nxh3+ 35. Kh1 P@g2+ 36. Kxg2 N@f4# 
{LINDEGREN resigns} 0-1